 Dungeon Crawl Stone Soup version 0.26-a0-712-ga5a9c9c9d0 (webtiles) character file.

Game seed: 5178886724092446596

28 Azzok the Skirmisher (level 3, 29/29 HPs)
             Began as a Demonspawn Fighter on Nov 4, 2020.
             Quit the game on level 2 of the Dungeon.
             The game lasted 00:01:04 (765 turns).

Azzok the Skirmisher (Demonspawn Fighter)            Turns: 765, Time: 00:01:04

Health: 29/29      AC:  6    Str: 17    XL:     3   Next: 0%
Magic:  3/3        EV:  7    Int:  9    God:
Gold:   49         SH:  9    Dex: 12    Spells: 2/2 levels left

rFire    . . .     SeeInvis .   a - +0 war axe
rCold    . . .     Faith    .   c - +0 kite shield
rNeg     . . .     Spirit   .   b - +0 scale mail
rPois    .         Reflect  .   (no helmet)
rElec    .         Harm     .   (no cloak)
rCorr    .         Rampage  .   (no gloves)
MR       .....                  (no boots)
Stlth    ..........             (no amulet)
HPRegen  0.09/turn              (no ring)
MPRegen  0.08/turn              (no ring)

@: no status effects
A: claws 1, demonic guardian 1
a: no special abilities


You were on level 2 of the Dungeon.
You visited 1 branch of the dungeon, and saw 2 of its levels.

You collected 49 gold pieces.

Inventory:

Hand Weapons
 a - a +0 war axe (weapon)
Armour
 b - a +0 scale mail (worn)
 c - a +0 kite shield (worn)
Scrolls
 e - a scroll of remove curse {unknown}
 f - a scroll of identify {unknown}
 i - a scroll of random uselessness {unknown}
 k - a scroll of fog {unknown}
Potions
 d - 2 potions of might
 g - a potion of lignification {unknown}
 h - a potion of curing {unknown}
 j - a potion of degeneration {unknown}
 l - a potion of haste {unknown}


   Skills:
 + Level 3.5 Fighting
 - Level 1.7 Axes
 - Level 2.6 Armour
 + Level 3.1 Shields
 + Level 0.8 Unarmed Combat


You had 2 spell levels left.
You didn't know any spells.
Your spell library was empty.

Dungeon Overview and Level Annotations

Branches:
Dungeon (2/15)

Altars:


Innate Abilities, Weirdness & Mutations

You have sharp fingernails.
A weak demonic guardian rushes to your aid.


Message History

There is a stone staircase leading down here.
You climb downwards.
Found a fuming green potion.
Found an escape hatch in the ceiling.
There is a stone staircase leading up here.
l - a fuming green potion A kobold comes into view.
The kobold shouts!
A kobold is nearby!
You closely miss the kobold. The kobold hits you.
You completely miss the kobold. You block the kobold's attack.
You closely miss the kobold. The kobold closely misses you.
You block the kobold's attack.
You slash the kobold!
You kill the kobold!
You have reached level 3!
Your experience leads to an increase in your attributes!
Increase (S)trength, (I)ntelligence, or (D)exterity?
You feel stronger.
Your demonic ancestry asserts itself...
You feel the presence of a demonic guardian.
Are you sure you want to abandon this character and quit the game? (Confirm with "yes".)

▒···········▒
▒···········▒
▒···········▒
▒▒▒▒·▒▒▒▒▒▒·▒
▒· ▒·▒ ▒ ▒·▒
▒·▒ ▒·▒ ▒@▒
······(·▒
▒▒▒▒▒▒▒▒▒


There were no monsters in sight!

Vanquished Creatures
  A dart slug (D:1)
  A leopard gecko (D:1)
  2 ball pythons (D:1)
  4 bats (D:1)
  4 goblins (D:1)
  2 hobgoblins (D:1)
  A frilled lizard (D:1)
  7 kobolds
  3 rats (D:1)
25 creatures vanquished.

Notes
Turn   | Place    | Note
-------+----------+-------------------------------------------
     0 | D:1      | Azzok the Demonspawn Fighter began the quest for the Orb.
     0 | D:1      | Reached XP level 1. HP: 18/18 MP: 1/1
   178 | D:1      | Gained mutation: You have sharp fingernails. [demonic
                  | ancestry]
   178 | D:1      | Reached XP level 2. HP: 24/24 MP: 2/2
   764 | D:2      | Gained mutation: A weak demonic guardian rushes to your
                  | aid. [demonic ancestry]
   764 | D:2      | Reached XP level 3. HP: 29/29 MP: 3/3
   765 | D:2      | Quit the game

Illustrated notes

Levels and vault maps discovered:
D:1:      erik_arrival_triangle_small, layout_loops_cross
D:2:      layout_basic

Skill      XL: |  1 |
---------------+----+-----
Shields        | 3 |  3.1
Fighting       | |  3.5
Axes           | |  1.7
Armour         | |  2.6
Unarmed Combat | |  0.8

Action                   || total
-------------------------++-------
Melee: War axe           ||    62
Armor: Scale mail        ||    23
Dodge: Dodged            ||    18
Block: Kite shield       ||    32

Table legend: (Time is in decaauts)
 A = Elapsed time spent in this place.
 B = Non-inter-level travel time spent in this place.
 C = Inter-level travel time spent in this place.
 D = Time resting spent in this place.
 E = Time spent auto-exploring this place.
 F = Levels seen in this place.
 G = Mean time per level.
                   A        B        C        D        E       F      G
               +--------+--------+--------+--------+--------+-----+--------+
         Total |    795 |    767 |     28 |     71 |    524 |   2 |  397.5 |
       Dungeon |    795 |    767 |     28 |     71 |    524 |   2 |  397.5 |
               +--------+--------+--------+--------+--------+-----+--------+

Top non-repeatable levels by time:
     D:1: 777 daAuts
     D:2: 17 daAuts
